PL
PORTLAND EVERGREENS @ BOSTON PATRIOTS
10/06/2034
 
TOP OF THE 1ST
Portland Evergreens batting - Pitching for Boston Patriots : RHP Jaganmani Vivek
Pitching: RHP Jaganmani Vivek
Batting: SHB Willie McGirt 0-0: Called Strike
0-1: Foul Ball, location: 2F
0-2: Foul Ball, location: 2F
0-2: Ball
1-2: Ball
2-2: Ground out 3-1 (Groundball, 34S)
Batting: RHB Tae-cho Han 0-0: Ball
1-0: Foul Ball, location: 2F
1-1: Ball
2-1: SINGLE (Line Drive, 8LS)
Batting: LHB Chris Payling 0-0: Ball
1-0: SINGLE (Line Drive, 4D)
Tae-cho Han to second
Batting: SHB Billy Dotson 0-0: Fly out, F8 (Flyball, 8RM)
Batting: LHB Shahid Afridi 0-0: Ground out U3 (Groundball, 3S)
Top of the 1st over - 0 runs, 2 hits, 0 errors, 2 left on base; Portland 0 - Boston 0
BOTTOM OF THE 1ST
Boston Patriots batting - Pitching for Portland Evergreens : RHP Gerald Keller
Pitching: RHP Gerald Keller
Batting: SHB Edward Sterrenburg 0-0: Ball
1-0: Ball
2-0: Called Strike
2-1: Ball
3-1: DOUBLE (Groundball, 3L)
Batting: LHB Manuel Carmona 0-0: Foul Ball, location: 2F
0-1: Fly out, F7 (Flyball, 7S)
Batting: LHB Jorge Alejándrez 0-0: SINGLE (Line Drive, 6)
Edward Sterrenburg to third
Batting: LHB Adrián Gómez 0-0: Ball
1-0: Ball
2-0: Called Strike
2-1: Foul Ball, location: 2F
2-2: Ground out 4-3 (Groundball, 4S)
Edward Sterrenburg scores
Jorge Alejándrez to second
Batting: RHB Roland Deschain 0-0: Called Strike
0-1: SINGLE (Groundball, 6M) (infield hit)
Jorge Alejándrez to third
Batting: LHB Stanley Belote 0-0: Ball
1-0: Ball
2-0: Ball
3-0: Called Strike
3-1: Called Strike
3-2: SINGLE (Flyball, 7LS)
Jorge Alejándrez scores
Roland Deschain to second
Roland Deschain to third
Batting: RHB Francisco Agámez 0-0: Foul Ball, location: 2F
0-1: Ball
1-1: Ball
Stanley Belote is caught stealing 2nd base
Bottom of the 1st over - 2 runs, 4 hits, 0 errors, 1 left on base; Portland 0 - Boston 2
TOP OF THE 2ND
Portland Evergreens batting - Pitching for Boston Patriots : RHP Jaganmani Vivek
Batting: RHB Blaze Alexander 0-0: Ball
1-0: Swinging Strike
1-1: SINGLE (Line Drive, 78S)
Batting: LHB John Ennis 0-0: Foul Ball, location: 2F
0-1: Ball
1-1: Ball
2-1: Ball
3-1: Foul Ball, location: 2F
3-2: SINGLE (Line Drive, 89S)
Blaze Alexander to second
Batting: RHB Nelson Jaramillo 0-0: Ball
1-0: Foul Ball, location: 2F
1-1: Ball
2-1: Fielders Choice at 2nd, 6-4 (Groundball, 6)
Blaze Alexander to third
Batting: LHB Calvin Wilms 0-0: Called Strike
Nelson Jaramillo is caught stealing 2nd base
0-1: Ball
1-1: Ball
2-1: Ball
3-1: Foul Ball, location: 2F
3-2: Foul Ball, location: 2F
3-2: Strikes out looking
Top of the 2nd over - 0 runs, 2 hits, 0 errors, 1 left on base; Portland 0 - Boston 2
BOTTOM OF THE 2ND
Boston Patriots batting - Pitching for Portland Evergreens : RHP Gerald Keller
Batting: RHB Francisco Agámez 0-0: Ball
1-0: Foul Ball, location: 2F
1-1: Foul Ball, location: 2F
1-2: Ball
2-2: Foul Ball, location: 2F
2-2: Foul Ball, location: 2F
2-2: Foul Ball, location: 2F
2-2: Ball
3-2: Foul Ball, location: 2F
3-2: Foul Ball, location: 2F
3-2: Strikes out swinging
Batting: RHB Dennis Wacher 0-0: Swinging Strike
0-1: Ball
1-1: Called Strike
1-2: Strikes out swinging
Batting: RHB Anselmo Berneu 0-0: Ball
1-0: Foul Ball, location: 2F
1-1: Foul Ball, location: 2F
1-2: Strikes out looking
Bottom of the 2nd over - 0 runs, 0 hits, 0 errors, 0 left on base; Portland 0 - Boston 2
TOP OF THE 3RD
Portland Evergreens batting - Pitching for Boston Patriots : RHP Jaganmani Vivek
Batting: SHB Willie McGirt 0-0: Called Strike
0-1: Ball
1-1: Ball
2-1: Foul Ball, location: 2F
2-2: Ball
3-2: Foul Ball, location: 2F
3-2: Foul Ball, location: 2F
3-2: Fly out, F8 (Flyball, 8RD)
Batting: RHB Tae-cho Han 0-0: Ball
1-0: Fly out, F7 (Flyball, 78S)
Batting: LHB Chris Payling 0-0: Ball
1-0: Ball
2-0: SOLO HOME RUN (Line Drive, 89XD), Distance : 421 ft
Batting: SHB Billy Dotson 0-0: Foul Ball, location: 2F
0-1: SINGLE (Groundball, 3D)
Batting: LHB Shahid Afridi Pickoff Throw to First - Out!
Top of the 3rd over - 1 run, 2 hits, 0 errors, 0 left on base; Portland 1 - Boston 2
BOTTOM OF THE 3RD
Boston Patriots batting - Pitching for Portland Evergreens : RHP Gerald Keller
Batting: SHB Edward Sterrenburg 0-0: Called Strike
0-1: Called Strike
0-2: Strikes out swinging
Batting: LHB Manuel Carmona 0-0: Bunted foul
0-1: Ball
1-1: Ball
2-1: Ball
3-1: Fly out, F6 (Popup, 6M)
Batting: LHB Jorge Alejándrez 0-0: Ball
1-0: Ball
2-0: Foul Ball, location: 2F
2-1: Ball
3-1: SINGLE (Groundball, 34S) (infield hit)
Batting: LHB Adrián Gómez 0-0: Ball
1-0: Ball
2-0: Called Strike
2-1: Fly out, F9 (Flyball, 89S)
Bottom of the 3rd over - 0 runs, 1 hit, 0 errors, 1 left on base; Portland 1 - Boston 2
TOP OF THE 4TH
Portland Evergreens batting - Pitching for Boston Patriots : RHP Jaganmani Vivek
Batting: LHB Shahid Afridi 0-0: Swinging Strike
0-1: Foul Ball, location: 2F
0-2: Strikes out swinging
Batting: RHB Blaze Alexander 0-0: Called Strike
0-1: Ball
1-1: Foul Ball, location: 2F
1-2: Strikes out swinging
Batting: LHB John Ennis 0-0: Ball
1-0: Ground out 4-3 (Groundball, 4)
Top of the 4th over - 0 runs, 0 hits, 0 errors, 0 left on base; Portland 1 - Boston 2
BOTTOM OF THE 4TH
Boston Patriots batting - Pitching for Portland Evergreens : RHP Gerald Keller
Batting: RHB Roland Deschain 0-0: Foul Ball, location: 2F
0-1: Ball
1-1: Ball
2-1: Ball
3-1: Foul Ball, location: 2F
3-2: Base on Balls
Batting: LHB Stanley Belote 0-0: Ball
1-0: Ball
2-0: Foul Ball, location: 2F
2-1: Foul Ball, location: 2F
2-2: Fly out, F9 (Flyball, 89S)
Batting: RHB Francisco Agámez 0-0: Ball
1-0: Ground out U3 (Groundball, 34S)
Roland Deschain to second
Batting: RHB Dennis Wacher 0-0: Called Strike
0-1: Called Strike
0-2: Fly out, F8 (Flyball, 78S)
Bottom of the 4th over - 0 runs, 0 hits, 0 errors, 1 left on base; Portland 1 - Boston 2
TOP OF THE 5TH
Portland Evergreens batting - Pitching for Boston Patriots : RHP Jaganmani Vivek
Batting: RHB Nelson Jaramillo 0-0: Ball
1-0: Swinging Strike
1-1: Ball
2-1: Ball
3-1: Base on Balls
Batting: LHB Calvin Wilms 0-0: Ball
1-0: Grounds into double play, 6-4-3 (Groundball, 6)
Batting: SHB Willie McGirt 0-0: Ball
1-0: Foul Ball, location: 2F
1-1: Foul Ball, location: 2F
1-2: Ball
2-2: Ball
3-2: Fly out, F2 (Popup, 25F)
Top of the 5th over - 0 runs, 0 hits, 0 errors, 0 left on base; Portland 1 - Boston 2
BOTTOM OF THE 5TH
Boston Patriots batting - Pitching for Portland Evergreens : RHP Gerald Keller
Batting: RHB Anselmo Berneu 0-0: Foul Ball, location: 2F
0-1: Swinging Strike
0-2: Ball
1-2: Ball
2-2: Strikes out swinging
Batting: SHB Edward Sterrenburg 0-0: Foul Ball, location: 2F
0-1: SINGLE (Groundball, 6MD)
Batting: LHB Manuel Carmona Pickoff Throw to First - Out!
0-0: Called Strike
0-1: Swinging Strike
0-2: Ball
1-2: Ground out 1-3 (Groundball, 15S)
Bottom of the 5th over - 0 runs, 1 hit, 0 errors, 0 left on base; Portland 1 - Boston 2
TOP OF THE 6TH
Portland Evergreens batting - Pitching for Boston Patriots : RHP Jaganmani Vivek
Batting: RHB Tae-cho Han 0-0: Swinging Strike
0-1: Ball
1-1: Swinging Strike
1-2: Ball
2-2: Ball
3-2: Foul Ball, location: 2F
3-2: Reached on error, E6 (Groundball, 6)
Batting: LHB Chris Payling 0-0: Ball
1-0: Called Strike
1-1: Fly out, F4 (Line Drive, 4)
Batting: SHB Billy Dotson Pickoff Throw to First - Out!
0-0: SINGLE (Line Drive, 7S)
Batting: LHB Shahid Afridi 0-0: SINGLE (Groundball, 4S) (infield hit)
Billy Dotson to second
Batting: RHB Blaze Alexander 0-0: Ball
1-0: 3-RUN HOME RUN (Flyball, 78XD), Distance : 418 ft
Batting: LHB John Ennis 0-0: Called Strike
0-1: Ball
1-1: Foul Ball, location: 2F
1-2: Foul Ball, location: 2F
1-2: Ball
2-2: Fly out, F8 (Flyball, 8LS)
Top of the 6th over - 3 runs, 3 hits, 1 error, 0 left on base; Portland 4 - Boston 2
BOTTOM OF THE 6TH
Boston Patriots batting - Pitching for Portland Evergreens : RHP Gerald Keller
Batting: LHB Jorge Alejándrez 0-0: Ball
1-0: Called Strike
1-1: Ball
2-1: SINGLE (Flyball, 9S)
Pitching: LHP Shinzo Kumagai
Batting: LHB Adrián Gómez 0-0: Ball
1-0: DOUBLE (Line Drive, 89D)
Jorge Alejándrez to third
Runner from 3rd tries for Home, SAFE, no throw
Batting: RHB Roland Deschain 0-0: Called Strike
0-1: Ball
1-1: Ball
2-1: SINGLE (Line Drive, 7LS)
Adrián Gómez to third
Batting: LHB Stanley Belote 0-0: Called Strike
0-1: SINGLE (Flyball, 4D)
Adrián Gómez scores
Roland Deschain to second
Runner from 2nd tries for 3rd, OUT!
Stanley Belote to second
Now at 3B: Ramón Garmendia
Batting: RHB Francisco Agámez 0-0: Ball
1-0: SINGLE (Groundball, 56D)
Stanley Belote to third
Runner from 3rd tries for Home, throw and OUT!
Batting: RHB Dennis Wacher 0-0: Ball
Francisco Agámez is caught stealing 2nd base
Bottom of the 6th over - 2 runs, 5 hits, 0 errors, 0 left on base; Portland 4 - Boston 4
TOP OF THE 7TH
Portland Evergreens batting - Pitching for Boston Patriots : RHP Jaganmani Vivek
Batting: RHB Nelson Jaramillo 0-0: Called Strike
0-1: Ball
1-1: Ball
2-1: Ball
3-1: Base on Balls
Pitching: LHP Bradley Roth
Batting: LHB Calvin Wilms 0-0: Called Strike
0-1: Swinging Strike
0-2: Foul Ball, location: 2F
0-2: Ball
1-2: SINGLE (Line Drive, 6M)
Nelson Jaramillo to second
Batting: SHB Willie McGirt 0-0: Ball
1-0: Foul Ball, location: 2F
1-1: Ball
2-1: Foul Ball, location: 2F
2-2: Ground out 5-3 (Groundball, 56S)
Nelson Jaramillo to third
Calvin Wilms to second
Batting: RHB Tae-cho Han 0-0: Intentional Walk
Batting: LHB Chris Payling 0-0: Foul Ball, location: 2F
0-1: Fly out, F7 (Flyball, 78M)
Runner from 3rd tags up, SCORES, throw made
Batting: LHB Ramón Garmendia 0-0: Ball
1-0: Ball
2-0: Ground out U3 (Groundball, 34)
Top of the 7th over - 1 run, 1 hit, 0 errors, 2 left on base; Portland 5 - Boston 4
BOTTOM OF THE 7TH
Boston Patriots batting - Pitching for Portland Evergreens : LHP Shinzo Kumagai
Pitching: RHP Keith Rojas
Batting: RHB Dennis Wacher 0-0: Called Strike
0-1: Ball
1-1: Hit by Pitch
Batting: RHB Anselmo Berneu 0-0: Fly out, F7 (Flyball, 78S)
Batting: SHB Edward Sterrenburg 0-0: Ball
1-0: Foul Ball, location: 2F
1-1: Ball
Throwing error on steal attempt, E2
Dennis Wacher to third
2-1: Called Strike
2-2: Ball
3-2: Base on Balls
Batting: LHB Manuel Carmona 0-0: Called Strike
0-1: SINGLE (Line Drive, 34)
Dennis Wacher scores
Edward Sterrenburg to second
Batting: LHB Jorge Alejándrez 0-0: Ball
1-0: Ball
2-0: Called Strike
2-1: Ball
3-1: SINGLE (Groundball, 13S) (infield hit)
Edward Sterrenburg to third
Manuel Carmona to second
Batting: LHB Adrián Gómez 0-0: Ball
1-0: GRAND SLAM HOME RUN (Flyball, 9D), Distance : 370 ft
Pitching: RHP Cristián Moreno
Batting: RHB Roland Deschain 0-0: Swinging Strike
0-1: Foul Ball, location: 2F
0-2: Fly out, F8 (Flyball, 8LM)
Batting: LHB Stanley Belote 0-0: Ball
1-0: Ball
2-0: Called Strike
2-1: Foul Ball, location: 2F
2-2: Ground out 6-3 (Groundball, 6M)
Bottom of the 7th over - 5 runs, 3 hits, 1 error, 0 left on base; Portland 5 - Boston 9
TOP OF THE 8TH
Portland Evergreens batting - Pitching for Boston Patriots : LHP Bradley Roth
Batting: LHB Shahid Afridi 0-0: Ball
1-0: Foul Ball, location: 2F
1-1: Swinging Strike
1-2: Ball
2-2: Strikes out swinging
Batting: RHB Blaze Alexander 0-0: Ball
1-0: Foul Ball, location: 2F
1-1: Ball
2-1: Foul Ball, location: 2F
2-2: Ball
3-2: Foul Ball, location: 2F
3-2: SINGLE (Groundball, 56S) (infield hit)
Pitching: RHP Armando Garay
Batting: LHB John Ennis 0-0: Swinging Strike
0-1: Called Strike
0-2: Ball
1-2: Strikes out swinging
Batting: RHB Nelson Jaramillo 0-0: Called Strike
0-1: Ball
1-1: Fly out, F8 (Flyball, 8LD)
Top of the 8th over - 0 runs, 1 hit, 0 errors, 1 left on base; Portland 5 - Boston 9
BOTTOM OF THE 8TH
Boston Patriots batting - Pitching for Portland Evergreens : RHP Cristián Moreno
Batting: RHB Francisco Agámez 0-0: SINGLE (Groundball, 56D)
Batting: RHB Dennis Wacher 0-0: Ball
1-0: Foul Ball, location: 2F
1-1: Foul Ball, location: 2F
1-2: Fly out, F7 (Flyball, 78M)
Batting: RHB Anselmo Berneu 0-0: Ball
1-0: Called Strike
Francisco Agámez steals 2nd base
1-1: Ball
2-1: Called Strike
2-2: Ball
3-2: Ground out 3-1 (Groundball, 34)
Francisco Agámez to third
Batting: SHB Edward Sterrenburg 0-0: Ball
1-0: Called Strike
1-1: DOUBLE (Flyball, 8LD)
Francisco Agámez scores
Batting: LHB Manuel Carmona 0-0: Ball
1-0: Foul Ball, location: 2F
1-1: Called Strike
1-2: Ball
2-2: Ball
3-2: SINGLE (Line Drive, 6M)
Edward Sterrenburg to third
Edward Sterrenburg scores
Pitching: LHP Ming-jiang Wu
Batting: LHB Jorge Alejándrez 0-0: Ball
Manuel Carmona steals 2nd base
1-0: Ball
2-0: Called Strike
2-1: 2-RUN HOME RUN (Flyball, 9D), Distance : 376 ft
Batting: LHB Adrián Gómez 0-0: Swinging Strike
0-1: Ball
1-1: Swinging Strike
1-2: Fly out, F6 (Popup, 6)
Bottom of the 8th over - 4 runs, 4 hits, 0 errors, 0 left on base; Portland 5 - Boston 13
TOP OF THE 9TH
Portland Evergreens batting - Pitching for Boston Patriots : RHP Armando Garay
Batting: LHB Calvin Wilms 0-0: Foul Ball, location: 2F
0-1: Swinging Strike
0-2: Ground out 4-3 (Groundball, 4)
Batting: SHB Willie McGirt 0-0: Called Strike
0-1: Foul Ball, location: 2F
0-2: Ball
1-2: Strikes out swinging
Batting: RHB Tae-cho Han 0-0: Foul Ball, location: 2F
0-1: Ball
1-1: Swinging Strike
1-2: Ball
2-2: Ground out 6-3 (Groundball, 6S)
Top of the 9th over - 0 runs, 0 hits, 0 errors, 0 left on base; Portland 5 - Boston 13
Friday, March 29th, 2019 - OOTP Baseball 18.8 Build 76